 Dungeon Crawl Stone Soup version 0.25-a0-420-g1cc7eeb0d1 (webtiles) character file.

Game seed: 10317318498166809398, levelgen mode: deterministic

3572 Kohma the Blocker (level 9, -2/75 HPs)
             Began as a Minotaur Fighter on Jan 18, 2020.
             Was a Follower of Ashenzari.
             Slain by a two-headed ogre
             ... wielding a +0 great mace
              (6 damage)
             ... on level 8 of the Dungeon.
             The game lasted 00:22:12 (8833 turns).

Kohma the Blocker (Minotaur Fighter)                Turns: 8833, Time: 00:22:13

Health: -2/75      AC: 16    Str: 25    XL:     9   Next: 84%
Magic:  8/8        EV:  6    Int:  9    God:    Ashenzari [*.....]
Gold:   202        SH: 13    Dex: 13    Spells: 8/8 levels left

rFire    . . .     SeeInvis .   a - -1 demon blade
rCold    . . .     Gourm    .   c - +0 shield
rNeg     . . .     Faith    .   F - +0 plate armour
rPois    .         Spirit   .   (helmet restricted)
rElec    .         Reflect  .   D - +0 cloak
rCorr    .         Harm     .   h - +2 pair of gloves (curse)
MR       .....                  (no boots)
Stlth    ..........             (no amulet)
HPRegen  0.22/turn              p - +4 ring of intelligence
MPRegen  0.11/turn              r - +4 ring of dexterity

@: drained
A: retaliatory headbutt, horns 2
a: Curse Item, Scrying, Renounce Religion


You were on level 8 of the Dungeon.
You worshipped Ashenzari.
Ashenzari was aware of your devotion.
You were not hungry.

You visited 2 branches of the dungeon, and saw 9 of its levels.

You collected 342 gold pieces.
You spent 140 gold pieces at shops.

Inventory:

Hand Weapons
 a - a -1 demon blade (weapon)
 z - a +0 war axe
Missiles
 l - 187 stones
 y - 10 poisoned darts (quivered)
Armour
 c - a +0 shield (worn)
 h - a cursed +2 pair of gloves (worn)
 D - a +0 cloak (worn)
 F - a +0 plate armour (worn)
Jewellery
 p - a +4 ring of intelligence (left hand)
 r - a +4 ring of dexterity (right hand)
 s - a +3 ring of intelligence
Wands
 i - a wand of paralysis (12)
 x - a wand of acid (5)
 E - a wand of random effects (9)
Scrolls
 u - 3 scrolls of identify
 v - 2 scrolls of fear
 w - 3 scrolls of teleportation
 B - a scroll of amnesia
 C - 2 scrolls of magic mapping {unknown}
Potions
 d - 2 potions of might
 e - a potion of brilliance
 g - 2 potions of resistance
 j - 2 potions of cancellation
 k - 3 potions of curing
 m - a potion of ambrosia
 n - 2 potions of flight
 o - a potion of lignification
 q - a potion of heal wounds {unknown}
 t - a potion of agility
 A - a potion of haste {unknown}
Comestibles
 b - 13 chunks of flesh
 f - 12 rations


   Skills:
 - Level 6.1(5.3) Fighting
 * Level 9.0(8.2) Long Blades
 - Level 6.0(5.2) Axes
 - Level 5.0(4.2) Armour
 * Level 11.9(11.0) Shields


You had 8 spell levels left.
You didn't know any spells.
Your spell library contained the following spells:

 Spells                   Type           Power        Failure   Level  Hunger
 Sandblast                Erth           #.....       100%        1    ##.....
 Conjure Flame            Conj/Fire      #.......     100%        3    ####...
 Ignite Poison            Fire/Tmut/Pois #.......     100%        3    ####...
 Sticky Flame             Conj/Fire      #.......     100%        4    #####..
 Statue Form              Tmut/Erth      #........    100%        6    #######


Dungeon Overview and Level Annotations

Branches:
Dungeon (8/15)             Temple (1/1) D:5
   Lair: D:8-11

Altars:
Ashenzari
Cheibriados
Dithmenos
Elyvilon
Fedhas
Gozag
Hepliaklqana
Kikubaaqudgha
Makhleb
Nemelex Xobeh
Okawaru
Qazlal
Ru
Sif Muna
Trog
Uskayaw
Vehumet
Wu Jian
Yredelemnul
Zin
The Shining One

Shops:
D:4 *   D:5 (   D:7 =


Innate Abilities, Weirdness & Mutations

You reflexively headbutt those who attack you in melee.
You have a pair of horns on your head.


Message History

The two-headed ogre is severely wounded.
You barely miss the two-headed ogre. You headbutt the two-headed ogre.
The two-headed ogre is almost dead.
You block the two-headed ogre's attack.
The two-headed ogre hits you with a +0 giant spiked club.
You hit the two-headed ogre but do no damage.
You headbutt the two-headed ogre.
The two-headed ogre is almost dead.
The two-headed ogre hits you with a +0 great mace!
* * * LOW HITPOINT WARNING * * *
The two-headed ogre hits you but does no damage.
You closely miss the two-headed ogre.
The two-headed ogre is almost dead.
Your plate armour prevents you from hitting the two-headed ogre.
You headbutt the two-headed ogre, but do no damage.
The two-headed ogre is almost dead.
The two-headed ogre hits you with a +0 great mace!
* * * LOW HITPOINT WARNING * * *
The two-headed ogre hits you with a +0 giant spiked club.
You die...

##.# #.# .#.#
#.# .#.# #.#
.#.# #.# ##.#
##'### #.#
#....# ..# .
#....# ####
....#####....#
.
.....oO@.....#
##
....#####....#
.. . .....'..
## ##....#.# #
#.#...... .
......... #
#.#.##.. .# #.


You could see a two-headed ogre and an orc.

Vanquished Creatures
  Grinder (D:5)
  Sigmund (D:2)
  A yak (D:6)
  Menkaure (D:5)
  3 orc warriors
  7 ogres
  2 sky beasts
  An ice beast (D:6)
  4 centaurs
  Blork the orc (D:5)
  3 killer bees (D:7)
  4 howler monkeys
  4 crimson imps
  A bullfrog zombie (D:5)
  5 hounds
  9 orc wizards
  5 orc priests
  An iguana (D:5)
  4 worker ants
  A killer bee zombie (D:6)
  A worker ant zombie (D:6)
  A howler monkey skeleton (D:4)
  11 adders
  2 shadow imps (D:8)
  An ooze (D:3)
  An adder zombie (D:7)
  A dart slug (D:3)
  9 leopard geckos
  42 orcs
  3 giant cockroaches
  12 goblins
  6 hobgoblins
  8 jackals (D:6)
  6 quokkas
  6 ball pythons
  7 bats
  6 frilled lizards
  A jackal skeleton (D:4)
  7 kobolds
  A leopard gecko skeleton (D:7)
  A quokka skeleton (D:5)
  10 rats
202 creatures vanquished.

Notes
Turn   | Place    | Note
-------+----------+-------------------------------------------
     0 | D:1      | Kohma the Minotaur Fighter began the quest for the Orb.
     0 | D:1      | Reached XP level 1. HP: 19/19 MP: 0/0
   242 | D:1      | Reached skill level 4 in Shields
   245 | D:1      | Reached XP level 2. HP: 26/26 MP: 1/1
   859 | D:2      | Reached XP level 3. HP: 31/31 MP: 2/2
  1246 | D:2      | Noticed Sigmund
  1265 | D:2      | Killed Sigmund
  1265 | D:2      | Reached skill level 5 in Axes
  1265 | D:2      | Reached skill level 5 in Shields
  1265 | D:2      | Reached XP level 4. HP: 30/39 MP: 3/3
  1265 | D:2      | Reached XP level 5. HP: 34/45 MP: 4/4
  1728 | D:2      | Found a glowing golden altar of the Shining One.
  1941 | D:2      | Found a burning altar of Makhleb.
  2241 | D:3      | Found an ancient bone altar of Kikubaaqudgha.
  2248 | D:3      | Found a blossoming altar of Fedhas.
  2359 | D:3      | Reached XP level 6. HP: 52/52 MP: 5/5
  2740 | D:3      | Found a basalt altar of Yredelemnul.
  3067 | D:4      | Reached skill level 5 in Fighting
  3067 | D:4      | Reached skill level 5 in Armour
  3068 | D:4      | Reached skill level 6 in Shields
  3289 | D:4      | Found a snail-covered altar of Cheibriados.
  3304 | D:4      | Found a sacrificial altar of Ru.
  3307 | D:4      | Found a bloodstained altar of Trog.
  3318 | D:4      | Found a shattered altar of Ashenzari.
  3334 | D:4      | Became a worshipper of Ashenzari the Shackled
  3543 | D:4      | Reached XP level 7. HP: 56/61 MP: 6/6
  3746 | D:4      | Found Venlinag's Lightly-Used Armoury.
  3937 | D:5      | Entered Level 5 of the Dungeon
  3963 | D:5      | Found a staircase to the Ecumenical Temple.
  3973 | Temple   | Entered the Ecumenical Temple
  4237 | D:5      | Reached skill level 7 in Shields
  4515 | D:5      | Noticed Blork the orc
  4531 | D:5      | Killed Blork the orc
  4780 | D:4      | Bought a -1 demon blade for 140 gold pieces
  4819 | D:5      | Noticed Menkaure
  5173 | D:5      | Killed Menkaure
  5173 | D:5      | Reached skill level 8 in Shields
  5200 | D:5      | Noticed Grinder
  5209 | D:5      | Killed Grinder
  5209 | D:5      | Reached XP level 8. HP: 70/70 MP: 7/7
  5280 | D:5      | Found Madymae's Antique Weapon Emporium.
  5614 | D:5      | Found a hide-covered altar of Uskayaw.
  5703 | D:5      | Found a glowing silver altar of Zin.
  5858 | D:6      | Reached skill level 9 in Shields
  6129 | D:6      | Identified the Compendium of the Scorching Rocks
  6465 | D:6      | Found a basalt altar of Yredelemnul.
  6481 | D:6      | Reached skill level 5 in Long Blades
  6560 | D:6      | Found an ornate altar of the Wu Jian Council.
  6668 | D:6      | Reached skill level 10 in Shields
  6712 | D:6      | Reached * piety under Ashenzari
  6779 | D:6      | Reached XP level 9. HP: 62/75 MP: 8/8
  7392 | D:7      | Found Mattugit's Jewellery Emporium.
  7873 | D:7      | Reached skill level 11 in Shields
  8819 | D:8      | Noticed a two-headed ogre
  8833 | D:8      | Slain by a two-headed ogre

Levels and vault maps discovered:
D:1:      nzn_arrival_crosshair, layout_basic, dk_noncrumbling_4
D:2:      layout_basic, marbit_many_paths, lightli_temple_of_fire, st_stairs_6,
          minmay_tromino_v2, uniq_sigmund
D:3:      layout_loops_ring, grunt_temple_overflow_growth_and_decay,
          old_standard_altar, first_ration, chequers_arboretum
D:4:      layout_loops_ring, cheibrodos_ashenzari_chains,
          grunt_temple_overflow_open, minmay_shop_damaged
D:5:      layout_basic, kennysheep_mini_moat, zin_treasury,
          minmay_temple_entry_grid, serial_shops,
          nicolae_shop_overgrown_old_shop, uniq_blork_the_orc, uniq_grinder,
          uniq_menkaure
D:6:      minmay_cornered_nines, layout_loops_ring, kennysheep_little_box,
          serial_rivers, chequers_serial_rivers_small_3,
          chequers_serial_rivers_small_3, chequers_serial_rivers_micro_c,
          chequers_serial_rivers_micro_b, chequers_serial_rivers_room_b,
          columned_hall_lemuel, yredelemnul_altar_generic
D:7:      layout_basic, serial_shops, shop, minmay_statues_item, hex_tiny
D:8:      layout_basic, erik_lair_orcish_takeover
Temple:   compressed_dpeg_triangle_lava_temple

Skill      XL: |  1  2  3  4  5  6  7  8  9 |
---------------+----------------------------+-----
Shields        | 4 5 6 8 10 11 | 11.9
Axes           | 3 5 6 |  6.0
Fighting       | 4 5 6 |  6.1
Armour         | 4 5 |  5.0
Long Blades    | 2 6 9 |  9.0

Action                   |  1- 3 |  4- 6 |  7- 9 || total
-------------------------+-------+-------+-------++-------
Melee: War axe           |   100 |   122 |    70 ||   292
       Headbutt          |    10 |    23 |    88 ||   121
       Demon blade       |       |       |   325 ||   325
Invok: Curse Item        |       |       |     1 ||     1
  Use: Scroll            |       |    10 |     5 ||    15
  Eat: Chunk             |     1 |     8 |    13 ||    22
       Ration            |       |       |     1 ||     1
Armor: Scale mail        |    49 |    33 |    98 ||   180
       Plate armour      |       |       |    41 ||    41
Dodge: Dodged            |    34 |    35 |    86 ||   155
Block: Shield            |    56 |    65 |   186 ||   307
       Rpst.: Demon blade |       |       |    16 ||    16

Table legend:
 A = Non-vault XP
 B = Vault XP
 C = Vault XP percentage of total XP
 D = Non-vault monster count
 E = Vault monster count
 F = Vault count percentage of total count
                 A         B        C        D         E       F
            +---------+---------+-------+---------+---------+-------
      Total |    4097 |    1007 |  19.7 |     191 |      11 |   5.4
            +---------+---------+-------+---------+---------+-------
        D:1 |      39 |       0 |   0.0 |      26 |       0 |   0.0
        D:2 |      71 |     212 |  74.9 |      16 |       5 |  23.8
        D:3 |     247 |       0 |   0.0 |      27 |       0 |   0.0
        D:4 |     325 |       0 |   0.0 |      24 |       0 |   0.0
        D:5 |     383 |     535 |  58.3 |      15 |       3 |  16.7
        D:6 |     843 |     260 |  23.6 |      26 |       3 |  10.3
        D:7 |    1098 |       0 |   0.0 |      20 |       0 |   0.0
        D:8 |    1091 |       0 |   0.0 |      37 |       0 |   0.0
            +---------+---------+-------+---------+---------+-------
